 Dungeon Crawl Stone Soup version 0.31.0-11-ge490571c62 (webtiles) character file.

Game seed: 13242946187013108848

157665 qw the Acrobat (level 16, -26/86 HPs)
             Began as a Spriggan Hunter on Feb 4, 2024.
             Was a High Priest of Okawaru.
             Annihilated by a radroach (54 damage)
             ... on level 1 of the Spider Nest.
             The game lasted 00:02:41 (22941 turns).

qw the Acrobat (Spriggan Hunter)                   Turns: 22941, Time: 00:02:42

Health: -26/86     AC:  9    Str:  7    XL:     16   Next: 69%
Magic:  33/33      EV: 46    Int: 11    God:    Okawaru [*****.]
Gold:   2146       SH:  0    Dex: 38    Spells: 15/15 levels left

rFire   + + .        d - +8 arbalest of Fortitude {penet, rN+ MP+9}
rCold   x . .        (shield currently unavailable)
rNeg    + . .        k - +0 swamp dragon scales
rPois   +            A - +1 hat {Will+}
rElec   .            t - scarf of Vanity {shadows, rF++ rC- Dex+6}
rCorr   .            (gloves unavailable)
SInv    +            (boots unavailable)
Will    +++..        y - amulet of faith
Stlth   +            j - +4 ring of slaying {mikee}
HPRegen 0.34/turn    q - +6 ring of dexterity
MPRegen 0.23/turn

%: faith
@: contaminated, glowing, very quick
A: very small, no large weapons, unfitting armour, see invisible, speed 3,
mutation resistance 1
a: Renounce Religion, Heroism, Finesse, Duel


You were on level 1 of the Spider Nest.
You worshipped Okawaru.
Okawaru was extremely pleased with you.
You visited 6 branches of the dungeon, and saw 27 of its levels.
You also visited: Sewer.

You collected 3711 gold pieces.
You spent 1565 gold pieces at shops.


Innate Abilities, Weirdness & Mutations

You are very small and have problems with some larger weapons.
You are too small for most types of armour.
You have supernaturally acute eyesight. (SInv)
You cover ground extremely quickly. (Speed+++)
You are somewhat resistant to further mutation.


   Skills:
 + Level 10.7 Fighting
 - Level 18.0 Ranged Weapons
 - Level 4.1 Armour
 - Level 24.0 Dodging
 - Level 1.5 Stealth
 - Level 10.0 Invocations


You had 15 spell levels left.
You didn't know any spells.
Your spell library was empty.

Inventory:

Hand Weapons
 d - the +8 arbalest of Fortitude (weapon) {penet, rN+ MP+9}
   (You acquired it on level 1 of the Dungeon)

   rN+:       It protects you from negative energy.
   MP+9:      It affects your magic capacity (+9).
Armour
 c - a +3 troll leather armour
 k - +0 swamp dragon scales (worn)
 t - the scarf of Vanity (worn) {shadows, rF++ rC- Dex+6}
   (Okawaru gifted it to you on level 5 of the Lair of Beasts)

   Dex+6:     It affects your dexterity (+6).
   rF++:      It greatly protects you from fire.
   rC-:       It makes you vulnerable to cold.
 A - a +1 hat of willpower (worn)
Jewellery
 j - a +4 ring of slaying (left hand) {mikee}
 q - a +6 ring of dexterity (right hand)
 w - an amulet of reflection
 y - an amulet of faith (around neck)
Wands
 b - a wand of polymorph (4)
 e - a wand of mindburst (49)
 p - a wand of iceblast (20)
 r - a wand of acid (24)
 x - a wand of digging (11)
Scrolls
 a - 9 scrolls of teleportation
 m - 14 scrolls of identify
 n - 4 scrolls of enchant weapon
 u - a scroll of brand weapon
Potions
 g - 15 potions of curing
 h - 2 potions of magic
 i - 3 potions of haste
 l - 2 potions of cancellation
 o - 2 potions of heal wounds
 s - 3 potions of enlightenment
 v - 3 potions of might
 z - 3 potions of mutation

Dungeon Overview and Level Annotations

Branches:
Dungeon (15/15)            Temple (1/1) D:4            Lair (5/5) D:11
  Swamp (3/4) Lair:3       Spider (1/4) Lair:3        Slime (0/5) Lair:4
    Orc (2/2) D:11            Elf (0/3) Orc:2        Vaults (0/5) D:14
 Depths (0/4) D:15          Sewer (visited)

Altars:
Ashenzari
Cheibriados
Dithmenos
Elyvilon
Fedhas
Gozag
Hepliaklqana
Kikubaaqudgha
Makhleb
Nemelex Xobeh
Okawaru
Qazlal
Ru
Sif Muna
Trog
Uskayaw
Vehumet
Wu Jian
Xom
Yredelemnul
Zin
The Shining One
Jiyva

Shops:
D:6 (:[   D:7 =   D:9 =   Orc:1 ?   Orc:2 ((!**

Portals:
Abyss: D:7
Trove: D:14 (give +4 shadow dragon scales)

Annotations:
D:5 3 runed translucent doors, qw's ghost, novice SpHu
D:7 2 transporters, 1 runed translucent door, Crazy Yiuf; qw's ghost, novice DjHu
D:10 3 runed translucent doors, exclusions: glass eye and two-headed ogre, qw's ghost, journeyman SpHu
D:11 3 runed translucent doors, qw's ghost, journeyman SpHu


Message History

The jumping spider leaps!
You shoot a bolt.
The bolt completely misses the jumping spider.
You shoot a bolt.
The bolt pierces through the jumping spider!!
The jumping spider is almost dead.
The jumping spider leaps!
You shoot a bolt.
The bolt completely misses the radroach.
The jumping spider leaps!
You shoot a bolt.
The bolt pierces through the jumping spider!!!
You kill the jumping spider!
Okawaru accepts your kill. The radroach barely misses you.
The radroach misses you.
You shoot a bolt.
The bolt pierces through the radroach but does no damage.
The radroach completely misses you. x2
You shoot a bolt. The bolt pierces through the radroach!!
The radroach is moderately wounded.
The radroach erupts in a fountain of uncontrolled magic!
You are blasted with magical radiation!!!
You are very lightly contaminated with residual magic.
You shoot a bolt. The bolt pierces through the radroach!!
The radroach is heavily wounded.
The radroach misses you. The radroach completely misses you.
The radroach erupts in a fountain of uncontrolled magic!
You are blasted with magical radiation!!
You are contaminated with residual magic.
You shoot a bolt. The bolt barely misses the radroach.
The radroach completely misses you. x2
You shoot a bolt. The bolt pierces through the radroach!!
The radroach is almost dead.
The radroach completely misses you. The radroach claws you.
You shoot a bolt. The bolt pierces through the radroach.
The radroach is almost dead.
The radroach erupts in a fountain of uncontrolled magic!
You are blasted with magical radiation!!!
Ouch! That really hurt!
You die...

.......%....##.#...###.
.............##.....##.
#.......(.........#......##
#^..............###......##
#..............## #.#....#. ...~~
#..##........######!......#
..~~###...###.....###....###...##
..~~~#.....###.B%###......###..##
..~~##......##..@#........#####.#
..###>.....................###...
.%##........................##.##
............................##^#
.##........................###.#
.##.##....................## #.#
.##.####.................#####.#
###.######.............?.......#
##.......##...####....#...%..#.##


You could see a radroach.

Vanquished Creatures
  Saint Roka (Orc:2)
  Frances (Swamp:2)
  A thorn hunter (Swamp:3)
  Kirke (Lair:3)
  A ghost moth (Spider:1)
  5 eleionomae
  A bunyip (Swamp:1)
  3 spark wasps (Spider:1)
  An ettin (D:15)
  2 fire dragons
  An entropy weaver (shapeshifter) (D:13)
  12 hydras
  2 centaur warriors
  Erolcha (D:9)
  An ogre mage (D:14)
  4 alligators
  2 death knights
  12 two-headed ogres
  A catoblepas (D:15)
  3 boulder beetles
  3 demonic crawlers (Spider:1)
  3 tengu warriors (D:15)
  15 death yaks
  Urug (Lair:3)
  An occultist (D:15)
  A spriggan berserker (Swamp:3)
  A skyshark (Lair:2)
  2 goliath frogs
  2 spriggan druids
  A pharaoh ant (Spider:1)
  An orb spider (Spider:1)
  4 swamp dragons
  3 lindwurms
  A flayed ghost (D:14)
  An arcanist (D:13)
  2 bog bodies
  7 orc knights
  A steelbarb worm (Spider:1)
  6 deep elf pyromancers
  6 wolf spiders
  2 orc sorcerers
  19 elephants
  10 ugly things
  3 will-o-the-wisps
  A manticore (D:14)
  2 cyclopes
  8 kobold blastminers
  3 meliai (D:15)
  2 black mambas
  3 torpor snails
  2 black mambas (shapeshifter)
  A cane toad (shapeshifter) (D:14)
  11 cane toads
  A gargoyle (D:10)
  A kobold demonologist (D:14)
  3 rime drakes (Lair:5)
  An efreet (D:13)
  An unseen horror (D:10)
  5 komodo dragons
  A tengu conjurer (D:15)
  9 trolls
  A queen bee (Lair:1)
  5 tyrant leeches (Swamp:1)
  3 bloated husks
  A polar bear (Lair:5)
  2 wolf spider simulacra (D:14)
  12 hornets
  Prince Ribbit (D:7)
  2 glass eyes (D:10)
  6 tarantellas (Spider:1)
  9 blink frogs
  3 dream sheep (Lair:5)
  5 jumping spiders (Spider:1)
  9 slime creatures
  A vampire (D:10)
  13 spriggans
  2 wraiths
  2 centaur simulacra
  4 culicivoras
  4 shadows
  2 hogs (Lair:3)
  5 wyverns
  A human (Lair:3)
  3 basilisks
  46 yaks
  3 wargs
  5 redbacks
  2 steam dragons
  11 vampire mosquitoes
  13 swamp worms
  15 water moccasins
  2 acid dragons
  2 swamp drakes
  34 orc warriors
  2 ice beasts
  A black bear (D:6)
  4 laughing skulls
  6 ogres
  14 wolves
  9 centaurs
  A phantom (D:5)
  A weeping skull (D:10)
  5 kobold brigands
  10 bullfrogs
  4 scorpions
  A gnoll sergeant (D:10)
  31 killer bees
  A howler monkey (D:9)
  2 electric eels (Spider:1)
  2 bombardier beetles
  5 lava snakes (D:8)
  A hound (D:7)
  2 jellies
  14 orc priests
  An iguana (Lair:3)
  18 orc wizards
  Natasha (twice) (D:2)
  Robin (D:3)
  4 gnolls (D:10)
  10 adders
  6 river rats (Sewer)
  A shadow imp (D:8)
  2 white imps
  A ribbon worm (D:5)
  3 dart slugs
  60 orcs
  7 endoplasms
  2 giant cockroaches
  14 goblins
  6 hobgoblins
  4 jackals (D:2)
  4 quokkas
  4 ball pythons
  2 bats (D:2)
  2 frilled lizards
  31 kobolds
  27 rats
  A spectral orc (D:10)
765 creatures vanquished.

Vanquished Creatures (others)
  A spriggan druid (Swamp:3)
  4 foxfires (Swamp:1)
5 creatures vanquished.

Grand Total: 770 creatures vanquished

Notes
Turn   | Place    | Note
-------+----------+-------------------------------------------
     0 | D:1      | qw the Spriggan Hunter began the quest for the Orb.
     0 | D:1      | Reached XP level 1. HP: 10/10 MP: 2/2
     0 | D:1      | 0 ||| qw: Version: 0.3-a-160-g6735b56
     0 | D:1      | 0 ||| qw: Game counter: 5578
     0 | D:1      | 0 ||| qw: Melee chars always use a shield: true
     0 | D:1      | 0 ||| qw: God list: Okawaru
     0 | D:1      | 0 ||| qw: Allow faded altars: false
     0 | D:1      | 0 ||| qw: Do Orc after clearing Dungeon:15 true
     0 | D:1      | 0 ||| qw: Do second Lair branch before Depths: true
     0 | D:1      | 0 ||| qw: Lair rune preference: random
     0 | D:1      | 0 ||| qw: Goals: Normal
     0 | D:1      | 0 ||| PLANNING D:1-11
    66 | D:1      | Reached skill level 3 in Dodging
   324 | D:1      | Reached XP level 2. HP: 11/14 MP: 3/3
   583 | D:1      | 583 ||| READING scroll labelled FOXOSTR CEOT.
   583 | D:1      | Identified a scroll of acquirement
   583 | D:1      | 583 ||| ACQUIRING +8 arbalest of Fortitude {penet, rN+
                  | MP+9}
   583 | D:1      | Acquired the +8 arbalest of Fortitude {penet, rN+ MP+9}
   585 | D:1      | 585 ||| SWAPPING to +8 arbalest of Fortitude {penet, rN+
                  | MP+9}.
   586 | D:1      | 586 ||| DROPPING +0 shortbow.
   655 | D:1      | 655 ||| DROPPING scroll of butterflies.
   667 | D:2      | Reached skill level 4 in Dodging
   894 | D:2      | Noticed Natasha
   898 | D:2      | 898 ||| ZAPPING wand of mindburst (19) at 3,0 (Natasha;
                  | floor).
   898 | D:2      | Killed Natasha
   899 | D:2      | Reached XP level 3. HP: 18/18 MP: 4/4
  1240 | D:2      | Noticed Natasha
  1241 | D:2      | Killed Natasha
  1242 | D:2      | Reached XP level 4. HP: 22/22 MP: 5/5
  1364 | D:2      | 1364 ||| DROPPING ring of wizardry.
  1365 | D:2      | 1365 ||| UPGRADING to +4 ring of slaying {mikee}.
  1366 | D:2      | 1366 ||| READING 4 scrolls labelled FAAFRA POWU.
  1366 | D:2      | 1366 ||| IDENTIFYING coppery potion
  1367 | D:2      | 1367 ||| READING 3 scrolls of identify.
  1367 | D:2      | 1367 ||| IDENTIFYING green potion
  1368 | D:2      | 1368 ||| READING 2 scrolls of identify.
  1368 | D:2      | 1368 ||| IDENTIFYING fuming white potion
  1369 | D:2      | 1369 ||| READING scroll of identify.
  1369 | D:2      | 1369 ||| IDENTIFYING clear potion
  1370 | D:2      | 1370 ||| READING scroll labelled TIRIRI GOYPT.
  1371 | D:2      | 1371 ||| DRINKING 2 fizzy grey potions.
  1371 | D:2      | Gained mutation: You are frail. (-10% HP) [potion of
                  | mutation]
  1371 | D:2      | Gained mutation: Your spells are a little harder to cast,
                  | but a little more powerful. [potion of mutation]
  1371 | D:2      | Gained mutation: You are vulnerable to heat. (rF-) [potion
                  | of mutation]
  1372 | D:2      | 1372 ||| DRINKING potion of mutation.
  1372 | D:2      | Lost mutation: You are frail. (-10% HP) [potion of
                  | mutation]
  1372 | D:2      | Lost mutation: Your spells are a little harder to cast, but
                  | a little more powerful. [potion of mutation]
  1372 | D:2      | Gained mutation: You are frail. (-10% HP) [potion of
                  | mutation]
  1372 | D:2      | Gained mutation: You have hidden genetic potential. [potion
                  | of mutation]
  1373 | D:2      | 1373 ||| DRINKING 2 grey potions.
  1376 | D:2      | 1376 ||| DROPPING potion of berserk rage.
  1377 | D:2      | 1377 ||| DROPPING potion of lignification.
  1378 | D:2      | 1378 ||| DROPPING potion of ambrosia.
  1395 | D:3      | Reached skill level 5 in Dodging
  1403 | D:3      | Noticed Robin
  1404 | D:3      | Killed Robin
  1411 | D:3      | Reached XP level 5. HP: 23/23 MP: 6/6
  1922 | D:3      | 1922 ||| READING 4 scrolls labelled BOSEKOSYMU.
  1923 | D:3      | 1923 ||| READING scroll labelled HUCSOF QECKEPI.
  1924 | D:3      | 1924 ||| READING scroll labelled UHATEL FODUOTS.
  1925 | D:3      | 1925 ||| DROPPING 3 scrolls of amnesia.
  1968 | D:4      | Gained mutation: Your muscles are strong. (Str +4, Int/Dex
                  | -1) [hidden potential]
  2034 | D:4      | Found a staircase to the Ecumenical Temple.
  2035 | D:4      | 2035 ||| PLANNING TEMPLE
  2035 | D:4      | 2035 ||| READING 2 scrolls labelled KASTYA ZEGU.
  2040 | D:4      | 2040 ||| Stepping randomly (stuck).
  2061 | D:4      | Noticed an ogre
  2066 | D:4      | Killed an ogre
  2067 | D:4      | Reached skill level 6 in Ranged Weapons
  2176 | D:4      | 2176 ||| READING scroll of identify.
  2176 | D:4      | 2176 ||| IDENTIFYING black potion
  2177 | D:4      | 2177 ||| READING scroll labelled PIGIROH OXOEV.
  2214 | Temple   | Entered the Ecumenical Temple
  2215 | Temple   | 2215 ||| PLANNING OKAWARU WORSHIP
  2222 | Temple   | Became a worshipper of Warmaster Okawaru
  2223 | Temple   | 2223 ||| PLANNING D:1-11
  2327 | D:4      | Reached XP level 6. HP: 27/27 MP: 7/7
  2343 | D:4      | Gained mutation: You are partially covered in iridescent
                  | scales. (AC +2) [hidden potential]
  2343 | D:4      | Lost mutation: You have hidden genetic potential. [hidden
                  | potential expressed]
  2574 | D:4      | 2574 ||| READING scroll labelled AJYIXI FUES.
  2728 | D:5      | Entered Level 5 of the Dungeon
  2729 | D:5      | 2729 ||| PLANNING SEWER
  2736 | D:5      | Reached skill level 6 in Dodging
  3055 | D:5      | Found a shimmering blue altar of Sif Muna.
  3363 | D:5      | Found a glowing drain.
  3364 | D:5      | 3364 ||| DROPPING scarf of harm.
  3365 | D:5      | 3365 ||| READING scroll labelled INGUIL GOPSEMMUDUSS.
  3365 | D:5      | 3365 ||| ENCHANTING +0 robe.
  3369 | Sewer    | Entered a sewer
  3386 | Sewer    | Reached XP level 7. HP: 31/31 MP: 8/8
  3523 | Sewer    | Reached * piety under Okawaru
  3555 | Sewer    | Reached skill level 7 in Dodging
  3709 | Sewer    | 3709 ||| READING scroll labelled KANAER WEGE.
  3757 | Sewer    | 3757 ||| READING scroll labelled UTZUKLANATI.
  3758 | Sewer    | 3758 ||| DRINKING 3 bubbling white potions.
  3759 | Sewer    | 3759 ||| DRINKING 2 red potions.
  3785 | D:5      | 3785 ||| PLANNING D:1-11
  3888 | D:5      | Found a runed translucent gate.
  3890 | D:5      | Found a runed translucent gate.
  3891 | D:5      | Found a runed translucent gate.
  3891 | D:5      | Noticed qw's ghost (novice SpHu)
  3963 | D:6      | Found Gyutag's Weapon Shoppe.
  4000 | D:6      | Reached skill level 1 in Invocations
  4078 | D:6      | 4078 ||| RETREEEEATING.
  4079 | D:6      | 4079 ||| RETREEEEATING.
  4183 | D:6      | Found Zisicegy's Armour Emporium.
  4200 | D:6      | Reached skill level 3 in Invocations
  4200 | D:6      | Reached XP level 8. HP: 9/35 MP: 11/11
  4200 | D:6      | Reached ** piety under Okawaru
  4493 | D:6      | Found Kulausod's Book Shop.
  4683 | D:6      | 4683 ||| READING scroll of identify.
  4683 | D:6      | 4683 ||| IDENTIFYING emerald potion
  4684 | D:6      | 4684 ||| DROPPING potion of brilliance.
  4750 | D:7      | Reached skill level 3 in Fighting
  4753 | D:7      | Found Hyutrex's Jewellery Boutique.
  4762 | D:7      | 4762 ||| SHOPLISTING +4 ring of slaying (1092 gold, have
                  | 255).
  4762 | D:7      | 4762 ||| SHOPLISTING +5 ring of evasion (504 gold, have
                  | 255).
  4762 | D:7      | 4762 ||| SHOPLISTING amulet of guardian spirit (420 gold,
                  | have 255).
  4762 | D:7      | 4762 ||| SHOPLISTING amulet of regeneration (420 gold, have
                  | 255).
  4762 | D:7      | 4762 ||| SHOPLISTING ring of poison resistance (280 gold,
                  | have 255).
  4762 | D:7      | 4762 ||| SHOPLISTING ring of positive energy (280 gold,
                  | have 255).
  4762 | D:7      | 4762 ||| SHOPLISTING ring of willpower (350 gold, have
                  | 255).
  4823 | D:7      | Noticed Prince Ribbit
  4824 | D:7      | 4824 ||| INVOKING Heroism.
  4830 | D:7      | Killed Prince Ribbit
  4831 | D:7      | Reached skill level 9 in Dodging
  4875 | D:7      | Found a bloodstained altar of Trog.
  4928 | D:7      | Found a transporter.
  4984 | D:7      | Found a transporter.
  4987 | D:7      | Found a one-way gate to the infinite horrors of the Abyss.
  4987 | D:7      | Noticed qw's ghost (novice DjHu)
  5025 | D:7      | Found a runed translucent door.
  5026 | D:7      | Identified the +3 hammer "Vosaesiy" {drain, Will+ Int-4
                  | Dex+5}
  5026 | D:7      | Noticed Crazy Yiuf
  5028 | D:7      | Identified the +6 hammer "Irghokeo" {drain, rElec rN+ Int+2
                  | Dex+3}
  5055 | D:7      | Found a sacrificial altar of Ru.
  5106 | D:7      | Found the +8 demon trident "Rift" {distort, reach+}
  5165 | D:7      | Noticed a purple ugly thing
  5320 | D:7      | 5320 ||| READING scroll of identify.
  5320 | D:7      | 5320 ||| IDENTIFYING sedimented yellow potion
  5321 | D:7      | 5321 ||| READING 4 scrolls labelled NEOPHA QYT.
  5322 | D:7      | 5322 ||| DROPPING potion of attraction.
  5323 | D:7      | 5323 ||| DROPPING 3 scrolls of poison.
  5325 | D:7      | 5325 ||| Stepping ~*~*~tactically~*~*~ (cloud).
  5536 | D:8      | Reached skill level 9 in Ranged Weapons
  5536 | D:8      | Reached XP level 9. HP: 39/39 MP: 13/13
  5569 | D:8      | Reached *** piety under Okawaru
  5630 | D:8      | 5630 ||| FLEEEEING.
  5632 | D:8      | 5632 ||| FLEEEEING.
  5633 | D:8      | 5633 ||| FLEEEEING.
  5634 | D:8      | 5634 ||| FLEEEEING.
  5636 | D:8      | 5636 ||| FLEEEEING.
  5640 | D:8      | 5640 ||| STAIRDANCE
  5740 | D:8      | Reached skill level 10 in Dodging
  5784 | D:8      | 5784 ||| RETREEEEATING.
  5785 | D:8      | 5785 ||| RETREEEEATING.
  5787 | D:8      | 5787 ||| RETREEEEATING.
  5788 | D:8      | 5788 ||| RETREEEEATING.
  5789 | D:8      | 5789 ||| RETREEEEATING.
  5792 | D:8      | 5792 ||| RETREEEEATING.
  6223 | D:8      | Reached **** piety under Okawaru
  6382 | D:8      | Reached skill level 11 in Dodging
  6717 | D:8      | 6717 ||| DROPPING scarf of shadows.
  6718 | D:8      | 6718 ||| READING scroll of identify.
  6718 | D:8      | 6718 ||| IDENTIFYING viscous red potion
  6801 | D:9      | Reached XP level 10. HP: 44/44 MP: 14/14
  7066 | D:9      | Found Qeleacix's Jewellery Shop.
  7071 | D:9      | 7071 ||| SHOPLISTING +4 ring of protection (576 gold, have
                  | 358).
  7071 | D:9      | 7071 ||| SHOPLISTING amulet "Opnol" {Reflect Will++ Str+3
                  | SH+5} (916 gold, have 358).
  7071 | D:9      | 7071 ||| SHOPLISTING amulet "Tivvov" {Acrobat rElec rCorr
                  | Int-2 SInv} (793 gold, have 358).
  7071 | D:9      | 7071 ||| SHOPLISTING ring "Jucka" {Wiz rF+ Will- rCorr}
                  | (726 gold, have 358).
  7071 | D:9      | 7071 ||| SHOPLISTING ring of willpower (400 gold, have
                  | 358).
  7084 | D:9      | Noticed Erolcha
  7085 | D:9      | 7085 ||| INVOKING Finesse.
  7088 | D:9      | Killed Erolcha
  7089 | D:9      | Reached skill level 6 in Invocations
  7118 | D:9      | Found a shadowy altar of Dithmenos.
  7261 | D:9      | Found a white marble altar of Elyvilon.
  7294 | D:9      | Found a sparkling altar of Nemelex Xobeh.
  7451 | D:9      | 7451 ||| UPGRADING to +1 robe of fire resistance.
  7461 | D:9      | 7461 ||| DROPPING +1 robe.
  7462 | D:9      | 7462 ||| READING 2 scrolls of enchant armour.
  7462 | D:9      | 7462 ||| ENCHANTING +1 robe of fire resistance.
  7481 | D:10     | Entered Level 10 of the Dungeon
  7539 | D:10     | 7539 ||| INVOKING Finesse.
  7577 | D:10     | Noticed an eight-headed hydra
  7578 | D:10     | 7578 ||| RETREEEEATING.
  7580 | D:10     | 7580 ||| RETREEEEATING.
  7581 | D:10     | 7581 ||| INVOKING Finesse.
  7587 | D:10     | Killed an eight-headed hydra
  7587 | D:10     | Reached ***** piety under Okawaru
  7588 | D:10     | Reached skill level 12 in Dodging
  7590 | D:10     | Noticed a two-headed ogre
  7604 | D:10     | Received a gift from Okawaru
  7626 | D:10     | Noticed a gargoyle
  7627 | D:10     | 7627 ||| INVOKING Finesse.
  7629 | D:10     | Killed a gargoyle
  7669 | D:10     | Noticed a two-headed ogre
  7670 | D:10     | 7670 ||| INVOKING Finesse.
  7677 | D:10     | 7677 ||| RETREEEEATING.
  7678 | D:10     | Killed a two-headed ogre
  7679 | D:10     | Reached XP level 11. HP: 47/47 MP: 18/18
  7702 | D:10     | Killed a two-headed ogre
  7703 | D:10     | Reached skill level 9 in Invocations
  7710 | D:10     | Reached skill level 12 in Ranged Weapons
  7713 | D:10     | Received a gift from Okawaru
  8032 | D:10     | Noticed a two-headed ogre
  8033 | D:10     | 8033 ||| INVOKING Finesse.
  8036 | D:10     | Killed a two-headed ogre
  8110 | D:10     | Found a runed translucent gate.
  8111 | D:10     | Found a runed translucent gate.
  8112 | D:10     | Found a runed translucent gate.
  8114 | D:10     | Noticed qw's ghost (journeyman SpHu)
  8154 | D:10     | Found a basalt altar of Yredelemnul.
  8379 | D:10     | 8379 ||| READING 4 scrolls of identify.
  8379 | D:10     | 8379 ||| IDENTIFYING scroll labelled SUNICK BONEWYXT
  8380 | D:10     | 8380 ||| DROPPING scroll of fear.
  8438 | D:11     | 8438 ||| RETREEEEATING.
  8449 | D:11     | Found a staircase to the Lair.
  8487 | D:11     | Noticed a two-headed ogre
  8488 | D:11     | 8488 ||| INVOKING Finesse.
  8492 | D:11     | Killed a two-headed ogre
  8493 | D:11     | Reached skill level 13 in Dodging
  8626 | D:11     | Received a gift from Okawaru
  8628 | D:11     | 8628 ||| RETREEEEATING.
  8922 | D:11     | Found a staircase to the Orcish Mines.
  9182 | D:11     | Found a runed translucent gate.
  9183 | D:11     | Found a runed translucent gate.
  9184 | D:11     | Found a runed translucent gate.
  9187 | D:11     | Noticed qw's ghost (journeyman SpHu)
  9470 | D:11     | 9470 ||| PLANNING LAIR
  9470 | D:11     | 9470 ||| UPGRADING to +0 troll leather armour.
  9480 | D:11     | 9480 ||| READING 2 scrolls of enchant armour.
  9480 | D:11     | 9480 ||| ENCHANTING +0 troll leather armour.
  9481 | D:11     | 9481 ||| READING scroll of enchant armour.
  9481 | D:11     | 9481 ||| ENCHANTING +1 troll leather armour.
  9482 | D:11     | 9482 ||| READING 3 scrolls of identify.
  9482 | D:11     | 9482 ||| IDENTIFYING white potion
  9483 | D:11     | 9483 ||| DROPPING potion of degeneration.
  9503 | Lair:1   | Entered Level 1 of the Lair of Beasts
  9564 | Lair:1   | 9564 ||| RETREEEEATING.
  9566 | Lair:1   | 9566 ||| RETREEEEATING.
  9568 | Lair:1   | 9568 ||| RETREEEEATING.
  9570 | Lair:1   | 9570 ||| RETREEEEATING.
  9572 | Lair:1   | 9572 ||| RETREEEEATING.
  9575 | Lair:1   | 9575 ||| RETREEEEATING.
  9577 | Lair:1   | 9577 ||| INVOKING Finesse.
  9583 | Lair:1   | Reached XP level 12. HP: 54/54 MP: 20/20
 10020 | Lair:1   | Found a dark tunnel.
 10155 | Lair:1   | 10155 ||| RETREEEEATING.
 10160 | Lair:1   | 10160 ||| RETREEEEATING.
 10161 | Lair:1   | 10161 ||| RETREEEEATING.
 10162 | Lair:1   | 10162 ||| RETREEEEATING.
 10210 | Lair:1   | 10210 ||| RETREEEEATING.
 10211 | Lair:1   | 10211 ||| INVOKING Finesse.
 10360 | Lair:1   | 10360 ||| UPGRADING to +6 ring of dexterity.
 10361 | Lair:1   | 10361 ||| READING 2 scrolls of identify.
 10361 | Lair:1   | 10361 ||| IDENTIFYING 2 scrolls labelled DEOFAR OFALE
 10504 | Lair:2   | Noticed a four-headed hydra
 10505 | Lair:2   | 10505 ||| INVOKING Finesse.
 10509 | Lair:2   | Killed a four-headed hydra
 10648 | Lair:2   | Received a gift from Okawaru
 10649 | Lair:2   | Reached skill level 14 in Dodging
 10700 | Lair:2   | 10700 ||| DRINKING potion of mutation.
 10700 | Lair:2   | Lost mutation: You are vulnerable to heat. (rF-) [potion of
                  | mutation]
 10700 | Lair:2   | Lost mutation: Your muscles are strong. (Str +4, Int/Dex
                  | -1) [potion of mutation]
 10700 | Lair:2   | Lost mutation: You are frail. (-10% HP) [potion of
                  | mutation]
 10700 | Lair:2   | Gained mutation: Your spells are a little easier to cast,
                  | but a little less powerful. [potion of mutation]
 10700 | Lair:2   | Lost mutation: Your spells are a little easier to cast, but
                  | a little less powerful. [potion of mutation]
 10700 | Lair:2   | Gained mutation: You are frail. (-10% HP) [potion of
                  | mutation]
 10836 | Lair:2   | 10836 ||| INVOKING Finesse.
 11306 | Lair:3   | 11306 ||| RETREEEEATING.
 11307 | Lair:3   | 11307 ||| RETREEEEATING.
 11308 | Lair:3   | 11308 ||| RETREEEEATING.
 11309 | Lair:3   | 11309 ||| RETREEEEATING.
 11310 | Lair:3   | 11310 ||| RETREEEEATING.
 11311 | Lair:3   | 11311 ||| RETREEEEATING.
 11312 | Lair:3   | 11312 ||| RETREEEEATING.
 11313 | Lair:3   | 11313 ||| RETREEEEATING.
 11314 | Lair:3   | 11314 ||| INVOKING Finesse.
 11316 | Lair:3   | 11316 ||| RETREEEEATING.
 11317 | Lair:3   | 11317 ||| RETREEEEATING.
 11320 | Lair:3   | Reached skill level 15 in Dodging
 11321 | Lair:3   | Reached skill level 1 in Armour
 11331 | Lair:3   | Reached skill level 6 in Fighting
 11429 | Lair:3   | Noticed Kirke
 11430 | Lair:3   | 11430 ||| INVOKING Finesse.
 11434 | Lair:3   | 11434 ||| DRINKING 2 potions of cancellation.
 11437 | Lair:3   | Killed Kirke
 11579 | Lair:3   | 11579 ||| RETREEEEATING.
 11582 | Lair:3   | Reached skill level 16 in Dodging
 11702 | Lair:3   | Noticed a death yak
 11703 | Lair:3   | 11703 ||| INVOKING Finesse.
 11708 | Lair:3   | Noticed Urug
 11708 | Lair:3   | Noticed a death yak
 11708 | Lair:3   | Noticed a death yak
 11709 | Lair:3   | 11709 ||| RETREEEEATING.
 11716 | Lair:3   | Killed a death yak
 11726 | Lair:3   | Killed a death yak
 11731 | Lair:3   | Noticed a death yak
 11732 | Lair:3   | 11732 ||| INVOKING Finesse.
 11738 | Lair:3   | Noticed a death yak
 11739 | Lair:3   | 11739 ||| RETREEEEATING.
 11740 | Lair:3   | Killed a death yak
 11741 | Lair:3   | Reached XP level 13. HP: 19/58 MP: 21/21
 11741 | Lair:3   | HP: 4/58 [Urug/+0 vampiric double sword (16)]
 11742 | Lair:3   | 11742 ||| READING 4 scrolls of teleportation.
 11743 | Lair:3   | 11743 ||| DRINKING 2 potions of heal wounds.
 11747 | Lair:3   | Killed Urug
 11909 | Lair:3   | Found a hole to the Spider Nest.
 11917 | Lair:3   | Reached skill level 15 in Ranged Weapons
 12079 | Lair:3   | Received a gift from Okawaru
 12152 | Lair:3   | 12152 ||| DRINKING 2 potions of resistance.
 12160 | Lair:3   | Found a staircase to the Swamp.
 12465 | Lair:3   | 12465 ||| READING 4 scrolls of identify.
 12465 | Lair:3   | 12465 ||| IDENTIFYING blue potion
 12624 | Lair:4   | 12624 ||| RETREEEEATING.
 12626 | Lair:4   | 12626 ||| RETREEEEATING.
 12632 | Lair:4   | 12632 ||| RETREEEEATING.
 12645 | Lair:4   | Reached skill level 17 in Dodging
 12715 | Lair:4   | Found a staircase to the Slime Pits.
 12715 | Lair:4   | Found a viscous altar of Jiyva.
 12723 | Lair:4   | 12723 ||| RETREEEEATING.
 12724 | Lair:4   | 12724 ||| RETREEEEATING.
 13230 | Lair:4   | 13230 ||| DROPPING ring of positive energy.
 13256 | Lair:5   | Entered Level 5 of the Lair of Beasts
 13306 | Lair:5   | Identified the +4 trident of the Little People {drain,
                  | rCorr}
 13355 | Lair:5   | Received a gift from Okawaru
 13458 | Lair:5   | 13458 ||| RETREEEEATING.
 13459 | Lair:5   | 13459 ||| RETREEEEATING.
 13461 | Lair:5   | 13461 ||| RETREEEEATING.
 13611 | Lair:5   | 13611 ||| INVOKING Finesse.
 13620 | Lair:5   | Reached skill level 18 in Dodging
 13642 | Lair:5   | Reached XP level 14. HP: 64/64 MP: 22/22
 13660 | Lair:5   | Reached ****** piety under Okawaru
 13661 | Lair:5   | 13661 ||| INVOKING Receive Weapon.
 13661 | Lair:5   | 13661 ||| ACQUIRING +0 heavy arbalest
 13661 | Lair:5   | Acquired a +0 heavy arbalest
 13661 | Lair:5   | Received a gift from Okawaru
 13662 | Lair:5   | 13662 ||| INVOKING Receive Armour.
 13662 | Lair:5   | 13662 ||| ACQUIRING scarf of Vanity {shadows, rF++ rC-
                  | Dex+6}
 13662 | Lair:5   | Acquired the scarf of Vanity {shadows, rF++ rC- Dex+6}
 13662 | Lair:5   | Received a gift from Okawaru
 13691 | Lair:5   | 13691 ||| INVOKING Finesse.
 13725 | Lair:5   | Got an earthy gem with 869 turns to spare
 13728 | Lair:5   | Identified the ring "Vuiwien" {Str+4 SInv Stlth+}
 14073 | Lair:5   | 14073 ||| RETREEEEATING.
 14074 | Lair:5   | 14074 ||| RETREEEEATING.
 14076 | Lair:5   | 14076 ||| RETREEEEATING.
 14078 | Lair:5   | 14078 ||| RETREEEEATING.
 14082 | Lair:5   | Received a gift from Okawaru
 14199 | Lair:5   | 14199 ||| RETREEEEATING.
 14202 | Lair:5   | 14202 ||| RETREEEEATING.
 14298 | Lair:5   | 14298 ||| PLANNING D
 14298 | Lair:5   | 14298 ||| UPGRADING to scarf of Vanity {shadows, rF++ rC-
                  | Dex+6}.
 14303 | Lair:5   | 14303 ||| UPGRADING to amulet of reflection.
 14308 | Lair:5   | 14308 ||| DROPPING ring "Vuiwien" {Str+4 SInv Stlth+}.
 14309 | Lair:5   | 14309 ||| DROPPING ring of willpower.
 14925 | D:12     | 14925 ||| READING scroll of enchant armour.
 14925 | D:12     | 14925 ||| ENCHANTING +2 troll leather armour.
 15269 | D:12     | 15269 ||| DROPPING +2 robe of fire resistance.
 15270 | D:12     | 15270 ||| READING 5 scrolls of identify.
 15270 | D:12     | 15270 ||| IDENTIFYING silvery potion
 15271 | D:12     | 15271 ||| READING 4 scrolls of identify.
 15271 | D:12     | 15271 ||| IDENTIFYING scroll labelled DETWAIW QURCHIN
 15415 | D:13     | Reached skill level 19 in Dodging
 15428 | D:13     | 15428 ||| RETREEEEATING.
 15430 | D:13     | 15430 ||| RETREEEEATING.
 15431 | D:13     | 15431 ||| RETREEEEATING.
 15432 | D:13     | 15432 ||| RETREEEEATING.
 15433 | D:13     | 15433 ||| RETREEEEATING.
 15434 | D:13     | 15434 ||| RETREEEEATING.
 15436 | D:13     | 15436 ||| RETREEEEATING.
 15439 | D:13     | 15439 ||| RETREEEEATING.
 15440 | D:13     | 15440 ||| RETREEEEATING.
 15441 | D:13     | 15441 ||| INVOKING Finesse.
 15454 | D:13     | Received a gift from Okawaru
 15647 | D:13     | Reached skill level 20 in Dodging
 15821 | D:13     | Identified the ring "Iguesaus" {rElec rC- rCorr Str+4 SInv}
 15988 | D:13     | 15988 ||| DROPPING ring "Iguesaus" {rElec rC- rCorr Str+4
                  | SInv}.
 16085 | D:14     | Received a gift from Okawaru
 16145 | D:14     | Reached skill level 21 in Dodging
 16285 | D:14     | Found a gate to the Vaults.
 16286 | D:14     | 16286 ||| INVOKING Finesse.
 16334 | D:14     | Found a portal to a secret trove of treasure.
 16777 | D:14     | Reached XP level 15. HP: 67/67 MP: 23/23
 16971 | D:14     | 16971 ||| UPGRADING to amulet of faith.
 17031 | D:15     | Entered Level 15 of the Dungeon
 17045 | D:15     | 17045 ||| Stepping ~*~*~tactically~*~*~ (cloud).
 17052 | D:15     | 17052 ||| Stepping ~*~*~tactically~*~*~ (cloud).
 17157 | D:15     | Received a gift from Okawaru
 17188 | D:15     | 17188 ||| DRINKING potion of mutation.
 17188 | D:15     | Lost mutation: You are frail. (-10% HP) [potion of
                  | mutation]
 17188 | D:15     | Lost mutation: You are partially covered in iridescent
                  | scales. (AC +2) [potion of mutation]
 17188 | D:15     | Gained mutation: You are somewhat resistant to further
                  | mutation. [potion of mutation]
 17277 | D:15     | 17277 ||| RETREEEEATING.
 17286 | D:15     | Found a staircase to the Depths.
 17292 | D:15     | Got a smoky gem with 760 turns to spare
 17426 | D:15     | Reached skill level 18 in Ranged Weapons
 17493 | D:15     | 17493 ||| RETREEEEATING.
 17495 | D:15     | 17495 ||| RETREEEEATING.
 17540 | D:15     | Received a gift from Okawaru
 17835 | D:15     | 17835 ||| PLANNING ORC
 17994 | Orc:1    | Entered Level 1 of the Orcish Mines
 17996 | Orc:1    | 17996 ||| STAIRDANCE
 18090 | Orc:1    | 18090 ||| RETREEEEATING.
 18189 | Orc:1    | Found Funyiclo's Magic Scroll Emporium.
 18196 | Orc:1    | 18196 ||| BUYING 2 scrolls of teleportation (90 gold).
 18196 | Orc:1    | Bought 2 scrolls of teleportation for 90 gold pieces
 18196 | Orc:1    | 18196 ||| BUYING scroll of enchant weapon (112 gold).
 18196 | Orc:1    | Bought a scroll of enchant weapon for 112 gold pieces
 18196 | Orc:1    | 18196 ||| BUYING scroll of enchant weapon (112 gold).
 18196 | Orc:1    | Bought a scroll of enchant weapon for 112 gold pieces
 18196 | Orc:1    | 18196 ||| BUYING scroll of identify (30 gold).
 18196 | Orc:1    | Bought a scroll of identify for 30 gold pieces
 18196 | Orc:1    | 18196 ||| BUYING scroll of identify (30 gold).
 18196 | Orc:1    | Bought a scroll of identify for 30 gold pieces
 18196 | Orc:1    | 18196 ||| BUYING scroll of identify (30 gold).
 18196 | Orc:1    | Bought a scroll of identify for 30 gold pieces
 18196 | Orc:1    | 18196 ||| BUYING scroll of identify (30 gold).
 18196 | Orc:1    | Bought a scroll of identify for 30 gold pieces
 18196 | Orc:1    | 18196 ||| BUYING scroll of teleportation (45 gold).
 18196 | Orc:1    | Bought a scroll of teleportation for 45 gold pieces
 18196 | Orc:1    | 18196 ||| BUYING scroll of teleportation (45 gold).
 18196 | Orc:1    | Bought a scroll of teleportation for 45 gold pieces
 18374 | Orc:2    | Entered Level 2 of the Orcish Mines
 18475 | Orc:2    | Noticed Saint Roka
 18476 | Orc:2    | 18476 ||| INVOKING Finesse.
 18477 | Orc:2    | Received a gift from Okawaru
 18484 | Orc:2    | HP: 8/77 [Saint Roka/divine providence (15)]
 18485 | Orc:2    | 18485 ||| READING 11 scrolls of teleportation.
 18486 | Orc:2    | 18486 ||| DRINKING 5 potions of heal wounds.
 18489 | Orc:2    | 18489 ||| DRINKING 4 potions of heal wounds.
 18534 | Orc:2    | Killed Saint Roka
 18535 | Orc:2    | Reached skill level 22 in Dodging
 18586 | Orc:2    | Found Buohel's Weapon Boutique.
 18853 | Orc:2    | Found Sezxu's General Store.
 18853 | Orc:2    | Found Qebityu's Distillery.
 18854 | Orc:2    | Found Rooheset's Weapon Shoppe.
 18856 | Orc:2    | Found Zoisomm's Assorted Antiques.
 18861 | Orc:2    | 18861 ||| BUYING 2 potions of mutation (288 gold).
 18861 | Orc:2    | Bought 2 potions of mutation for 288 gold pieces
 18861 | Orc:2    | 18861 ||| BUYING potion of curing (54 gold).
 18861 | Orc:2    | Bought a potion of curing for 54 gold pieces
 18861 | Orc:2    | 18861 ||| BUYING potion of curing (54 gold).
 18861 | Orc:2    | Bought a potion of curing for 54 gold pieces
 18861 | Orc:2    | 18861 ||| BUYING potion of enlightenment (90 gold).
 18861 | Orc:2    | Bought a potion of enlightenment for 90 gold pieces
 18861 | Orc:2    | 18861 ||| BUYING potion of haste (180 gold).
 18861 | Orc:2    | Bought a potion of haste for 180 gold pieces
 18868 | Orc:2    | 18868 ||| BUYING embroidered hat (175 gold).
 18868 | Orc:2    | Bought an embroidered hat for 175 gold pieces
 18868 | Orc:2    | 18868 ||| BUYING potion of mutation (200 gold).
 18868 | Orc:2    | Bought a potion of mutation for 200 gold pieces
 18923 | Orc:2    | Found a staircase to the Elven Halls.
 19144 | Orc:2    | 19144 ||| PLANNING SWAMP:1-3
 19144 | Orc:2    | 19144 ||| UPGRADING to +0 hat of willpower.
 19149 | Orc:2    | 19149 ||| READING scroll of enchant armour.
 19149 | Orc:2    | 19149 ||| ENCHANTING +0 hat of willpower.
 19335 | Swamp:1  | Entered Level 1 of the Swamp
 19392 | Swamp:1  | Reached skill level 23 in Dodging
 19393 | Swamp:1  | HP: 18/77 [spriggan rider/+0 spear (4)]
 19394 | Swamp:1  | 19394 ||| READING 10 scrolls of teleportation.
 19472 | Swamp:1  | Received a gift from Okawaru
 19549 | Swamp:1  | 19549 ||| INVOKING Finesse.
 19560 | Swamp:1  | 19560 ||| DRINKING 15 potions of curing.
 19560 | Swamp:1  | 19560 ||| (to cure poison)
 19561 | Swamp:1  | 19561 ||| Stepping ~*~*~tactically~*~*~ (cloud).
 19565 | Swamp:1  | 19565 ||| FLEEEEING.
 19566 | Swamp:1  | 19566 ||| FLEEEEING.
 19567 | Swamp:1  | 19567 ||| FLEEEEING.
 19786 | Swamp:1  | Reached skill level 9 in Fighting
 19812 | Swamp:1  | Reached XP level 16. HP: 84/84 MP: 24/24
 19828 | Swamp:1  | Received a gift from Okawaru
 20046 | Swamp:1  | 20046 ||| UPGRADING to +0 swamp dragon scales.
 20056 | Swamp:1  | 20056 ||| DROPPING amulet of guardian spirit.
 20245 | Swamp:2  | 20245 ||| INVOKING Finesse.
 20356 | Swamp:2  | Reached skill level 3 in Armour
 20394 | Swamp:2  | 20394 ||| RETREEEEATING.
 20395 | Swamp:2  | 20395 ||| RETREEEEATING.
 20396 | Swamp:2  | 20396 ||| RETREEEEATING.
 20397 | Swamp:2  | 20397 ||| RETREEEEATING.
 20398 | Swamp:2  | 20398 ||| RETREEEEATING.
 20399 | Swamp:2  | 20399 ||| RETREEEEATING.
 20400 | Swamp:2  | 20400 ||| RETREEEEATING.
 20401 | Swamp:2  | 20401 ||| RETREEEEATING.
 20576 | Swamp:2  | Received a gift from Okawaru
 20650 | Swamp:2  | You fall into a shaft and drop 1 floor!
 20844 | Swamp:2  | Noticed Frances
 20845 | Swamp:2  | 20845 ||| INVOKING Finesse.
 20866 | Swamp:2  | Killed Frances
 21019 | Swamp:3  | 21019 ||| INVOKING Finesse.
 21131 | Swamp:3  | 21131 ||| FLEEEEING.
 21133 | Swamp:3  | 21133 ||| FLEEEEING.
 21150 | Swamp:3  | 21150 ||| FLEEEEING.
 21410 | Swamp:3  | Noticed a thorn hunter
 21411 | Swamp:3  | 21411 ||| INVOKING Finesse.
 21415 | Swamp:3  | Killed a thorn hunter
 21563 | Swamp:3  | Received a gift from Okawaru
 21565 | Swamp:3  | HP: 21/85 [goliath frog (7)]
 21566 | Swamp:3  | 21566 ||| READING 10 scrolls of teleportation.
 21567 | Swamp:3  | 21567 ||| DRINKING 3 potions of heal wounds.
 21789 | Swamp:3  | Identified the +3 broad axe of Discretion {speed, rN+}
 21996 | Swamp:3  | 21996 ||| PLANNING SPIDER:1-3
 22109 | Spider:1 | Entered Level 1 of the Spider Nest
 22268 | Spider:1 | 22268 ||| DRINKING potion of resistance.
 22269 | Spider:1 | 22269 ||| INVOKING Finesse.
 22276 | Spider:1 | Reached skill level 24 in Dodging
 22332 | Spider:1 | 22332 ||| RETREEEEATING.
 22335 | Spider:1 | 22335 ||| INVOKING Finesse.
 22515 | Spider:1 | Received a gift from Okawaru
 22941 | Spider:1 | Annihilated by a radroach

Levels and vault maps discovered:
D:1:      dpeg_arrival_castle, layout_loops_ring
D:2:      layout_loops_ring, minmay_misc_feat_enclosed, uniq_natasha
D:3:      layout_loops_ring, uniq_robin
D:4:      layout_basic, temple_hall, chequers_serial_rivers_room_b
D:5:      layout_loops_ring, mainiacjoe_overflow_alcove_1,
          biasface_ghost_orc_armoury, gup_sewer_entry_spiral, skrybe_limestone_x
D:6:      layout_loops_cross, serial_shops, shop, shop, shop
D:7:      layout_cave_pools, nicolae_ru_the_path_less_chosen, lemuel_tele_altar,
          gammafunk_ghost_abyssal_escape, serial_shops, shop,
          uniq_prince_ribbit1, uniq_crazy_yiuf_cottage
D:8:      layout_basic, kennysheep_boxes
D:9:      layout_small_grid, nicolae_dithmenos_shadow_blocks,
          mainiacjoe_overflow_two_lobes, serial_shops, shop, uniq_erolcha
D:10:     layout_small_grid, yredelemnul_forgotten_temple_becter,
          ebering_ghost_rock_garden, chequers_serial_rivers_micro_c,
          solitary_fountain, onia_ninara_cookie
D:11:     layout_layer_cave, erik_lair_orcish_takeover, david_orc_2,
          gammafunk_ghost_nasty_kobolds
D:12:     layout_loops_corners
D:13:     hourglass_vault, layout_loops_ring
D:14:     minmay_dotted_concentric_squares, layout_basic, enter_trove_2,
          infiniplex_staircase_zigzag_2, grunt_ministairs_4
D:15:     hangedman_depths_entry_civil_slaughter, layout_small_grid,
          chequers_mini_garden, minmay_unpleasant_kobolds
Temple:   nicolae_temple_no_exploring_needed
Lair:1:   layout_loops_ring, special_room [special_room_bee],
          lightli_volcano_entry_magma_tube
Lair:2:   layout_long_grid, small_statue_intersection, serial_bayou_pond_e,
          lemuel_fruit_fields, infiniplex_staircase_pool_2, grunt_megastairs_5
Lair:3:   layout_small_grid, minmay_swamp_entry_reptiles,
          spider_nest_entry_rubble, grunt_megastairs_4, uniq_kirke, uniq_urug
Lair:4:   layout_loops_ring, slime_entry_1, nicolae_quartered_pool_impasse,
          bh_autumn_forest_stairs
Lair:5:   hangedman_lair_in_review, layout_cave_pods, infiniplex_staircase_pool
Swamp:1:  layout_basic_swamp, evilmike_swamp_ruin_rubble_1
Swamp:2:  layout_basic_swamp, evilmike_swamp_ruin_wall, uniq_frances
Swamp:3:  layout_falls_marsh, nicolae_swamp_orc_logging_accident, swamp_pool_1_2
Spider:1: layout_chambers, nicolae_spider_bzzzt
Orc:1:    layout_caves, basic_altar, serial_shops, shop
Orc:2:    st_orc_rangers, layout_diamond_mine, serial_shops, shop,
          uniq_saint_roka

Skill      XL: |  1  2  3  4  5  6  7  8  9 10 11 12 13 14 15 16 |
---------------+-------------------------------------------------+-----
Dodging        | 3 4 5 6 7 9 11 12 13 16 18 21 23 24 | 24.0
Ranged Weapons | 5 6 7 9 10 11 13 14 16 17 18 | 18.0
Fighting       | 2 3 4 5 6 7 9 10 | 10.7
Invocations    | 3 4 5 8 10 | 10.0
Armour         | 1 4 |  4.1
Stealth        | |  1.5

Action                     |  1- 3 |  4- 6 |  7- 9 | 10-12 | 13-15 | 16-18 || total
---------------------------+-------+-------+-------+-------+-------+-------++-------
   Fire: Shortbow          |    18 |       |       |       |       |       ||    18
         Arbalest          |    30 |    65 |   183 |   359 |   835 |   281 ||  1753
 Invoke: Heroism           |       |       |     1 |       |       |       ||     1
         Finesse           |       |       |       |    15 |     6 |     6 ||    27
         Receive Weapon    |       |       |       |       |     1 |       ||     1
         Receive Armour    |       |       |       |       |     1 |       ||     1
  Evoke: Wand              |     1 |       |       |       |       |       ||     1
    Use: Scroll            |     1 |    13 |     6 |     6 |     8 |     1 ||    35
         Potion            |       |     3 |     2 |     2 |     6 |     2 ||    15
 Armour: Robe              |     6 |     1 |    24 |    11 |       |       ||    42
         Troll leather arm |       |       |       |    15 |    72 |     1 ||    88
         Swamp dragon scal |       |       |       |       |       |    51 ||    51
  Dodge: Dodged            |    10 |     2 |    94 |   140 |   483 |   311 ||  1040
  Block: Other             |       |       |       |       |     2 |       ||     2
         Reflection        |       |       |       |       |     1 |       ||     1

Table legend:
 A = Non-vault XP
 B = Vault XP
 C = Vault XP percentage of total XP
 D = Non-vault monster count
 E = Vault monster count
 F = Vault count percentage of total count
                 A         B        C        D         E       F
            +---------+---------+-------+---------+---------+-------
      Total |  138512 |   58153 |  29.6 |     513 |     252 |  32.9
            +---------+---------+-------+---------+---------+-------
        D:1 |      15 |       0 |   0.0 |       8 |       0 |   0.0
        D:2 |      93 |      33 |  26.2 |      20 |       1 |   4.8
        D:3 |      64 |      34 |  34.7 |      11 |      11 |  50.0
        D:4 |     219 |       0 |   0.0 |       6 |       0 |   0.0
        D:5 |     236 |      15 |   6.0 |       6 |       7 |  53.8
        D:6 |     894 |       0 |   0.0 |      15 |       0 |   0.0
        D:7 |     583 |     274 |  32.0 |      11 |       1 |   8.3
        D:8 |    2534 |       0 |   0.0 |      35 |       0 |   0.0
        D:9 |    1364 |     851 |  38.4 |      28 |       1 |   3.4
       D:10 |    2854 |    6506 |  69.5 |      15 |      21 |  58.3
       D:11 |    3783 |     825 |  17.9 |      16 |      15 |  48.4
       D:12 |    2464 |       0 |   0.0 |      13 |       0 |   0.0
       D:13 |    5138 |    5980 |  53.8 |       9 |       9 |  50.0
       D:14 |    6978 |    6753 |  49.2 |      14 |      10 |  41.7
       D:15 |   11576 |    5260 |  31.2 |      26 |      11 |  29.7
     Lair:1 |    3271 |    1741 |  34.7 |      16 |      24 |  60.0
     Lair:2 |    2342 |    1959 |  45.5 |       9 |       4 |  30.8
     Lair:3 |   12060 |    3706 |  23.5 |      38 |      12 |  24.0
     Lair:4 |    7214 |       0 |   0.0 |      18 |       0 |   0.0
     Lair:5 |   13904 |    8922 |  39.1 |      35 |      21 |  37.5
    Swamp:1 |   16384 |       0 |   0.0 |      35 |       0 |   0.0
    Swamp:2 |   13428 |    1546 |  10.3 |      28 |       1 |   3.4
    Swamp:3 |   11808 |       0 |   0.0 |      21 |       0 |   0.0
   Spider:1 |   11985 |    3040 |  20.2 |      29 |       5 |  14.7
      Orc:1 |    4144 |       0 |   0.0 |      33 |       0 |   0.0
      Orc:2 |    3177 |   10540 |  76.8 |      18 |      49 |  73.1
      Sewer |       0 |     168 | 100.0 |       0 |      49 | 100.0
            +---------+---------+-------+---------+---------+-------
